Map: [ESL] Oceanborn

Players

gumiho - Winner!

  • Race: Terran Terran
  • Spawn Location: 5:00

LiquidClem (Clem)

  • Race: Terran Terran
  • League: Grandmaster
  • Spawn Location: 11:00

Event: HomeStory Cup XXV

VOD

Have the link to the VOD?

Description

Time

  • Played on: June 23, 2024, 1:24 p.m.
  • Length: 19:37

All games in this series

Show
View Real Time Build Order
Export as new Build Order

gumiho Terran - Winner!

Build Orders:  

Get SALT Encoding   

  12  0:00  SCV  
  13  0:12  SCV  
  14  0:17  Supply Depot  
  14  0:24  SCV  
  15  0:37  Refinery  
  15  0:40  Barracks  
  15  0:53  Barracks  
  15  0:56  SCV  
  16  1:08  SCV  
  17  1:20  SCV  
  18  1:26  Reaper  
  18  1:28  Supply Depot  
  18  1:32  Orbital Command  
  19  1:39  Reaper  
  20  1:58  SCV  
  20  1:59  Reaper  
  22  2:10  SCV  
  23  2:15  Reaper  
  23  2:21  Command Center  
  24  2:23  SCV  
  25  2:32  Supply Depot  
  25  2:35  SCV  
  26  2:37  Marine  
  26  2:38  Refinery  
  27  2:47  SCV  
  28  2:52  Factory  
  26  3:07  SCV  
  26  3:08  Marine  
  28  3:17  Bunker  
  28  3:19  SCV  
  28  3:26  Marine  
  29  3:32  SCV  
  29  3:33  Orbital Command  
  30  3:36  Starport, Cyclone  
  32  3:44  SCV  
  32  3:45  Barracks Reactor  
  33  3:56  SCV  
  33  3:59  SCV  
  35  4:08  SCV, Cyclone  
  38  4:11  SCV  
  38  4:12  Viking  
  41  4:20  Supply Depot, SCV  
  42  4:28  Command Center  
  42  4:31  SCV  
  42  4:33  SCV  
  42  4:34  Barracks Tech Lab  
  43  4:40  Factory Tech Lab  
  43  4:43  SCV  
  43  4:45  SCV  
  44  4:46  Starport Reactor  
  44  4:54  Refinery  
  44  4:55  SCV  
  44  4:56  Marine x3  
  44  4:57  SCV, Stimpack  
  49  5:00  Siege Tank  
  52  5:08  SCV  
  52  5:09  SCV  
  52  5:13  Supply Depot  
  54  5:16  Marine x3  
  54  5:20  SCV  
  57  5:24  SCV  
  56  5:32  SCV  
  56  5:34  Siege Tank, Marine x2  
  61  5:36  SCV  
  61  5:38  Marine  
  61  5:42  Supply Depot  
  63  5:44  SCV  
  63  5:48  Orbital Command  
  64  5:51  SCV  
  64  5:52  Medivac x2  
  64  5:56  SCV  
  70  5:58  Engineering Bay  
  70  5:59  Engineering Bay  
  70  6:00  Marine x3  
  73  6:05  Supply Depot, SCV  
  73  6:08  SCV  
  75  6:11  Siege Tank  
  75  6:15  Orbital Command  
  78  6:18  SCV  
  78  6:20  SCV  
  80  6:28  Supply Depot, Terran Infantry Weapons Level 1  
  80  6:30  Barracks  
  80  6:31  SCV, Terran Infantry Armor Level 1  
  80  6:32  SCV  
  82  6:34  Refinery  
  82  6:36  Marine x3  
  82  6:37  Starport Reactor  
  82  6:39  Supply Depot  
  85  6:40  SCV  
  85  6:44  Supply Depot  
  85  6:45  SCV  
  85  6:46  SCV  
  88  6:52  SCV  
  88  6:53  Siege Tank  
  92  6:57  SCV  
  92  6:58  SCV  
  92  7:01  Supply Depot  
  94  7:04  SCV  
  92  7:09  SCV  
  92  7:10  Combat Shield, SCV  
  92  7:11  Marine x2  
  92  7:15  Marine  
  97  7:22  Marine x2  
  95  7:24  SCV x2  
  95  7:29  Marine x2  
  97  7:33  Medivac x2  
  97  7:34  SCV, Marine  
  97  7:36  SCV  
  102  7:37  SCV  
  102  7:39  Marine  
  102  7:42  Supply Depot  
  102  7:43  Supply Depot, Armory  
  104  7:45  Barracks  
  104  7:46  SCV, Marine, Barracks  
  104  7:47  Marine x2  
  107  7:52  Marine  
  107  7:57  Marine  
  107  8:04  Marine x3  
  107  8:05  Medivac  
  107  8:07  SCV x3  
  107  8:10  Marine  
  107  8:11  Medivac  
  114  8:15  Marine  
  118  8:20  Refinery x2  
  118  8:22  Marine x2  
  115  8:27  SCV x3  
  115  8:30  Terran Infantry Armor Level 2, Terran Infantry Weapons Level 2  
  115  8:31  Command Center  
  117  8:39  SCV x3  
  120  8:45  Starport  
  120  8:51  SCV x2  
  120  8:53  SCV  
  120  8:55  Terran Vehicle Weapons Level 1  
  123  9:02  Barracks Tech Lab  
  123  9:03  Barracks Tech Lab, SCV x2, Starport  
  123  9:04  Marine x4  
  123  9:05  SCV, Marine  
  123  9:09  Command Center  
  131  9:11  Siege Tank  
  131  9:15  SCV x2  
  136  9:17  Missile Turret  
  136  9:18  Viking  
  136  9:21  Viking  
  136  9:23  SCV  
  141  9:27  SCV x2  
  143  9:36  Starport Reactor, Refinery  
  143  9:37  Refinery  
  143  9:40  Starport Reactor  
  144  9:45  Siege Tank  
  144  9:47  SCV x3  
  144  9:49  Orbital Command  
  144  9:50  Command Center  
  149  9:52  Marauder  
  149  9:53  Viking x2  
  152  10:06  Supply Depot x2  
  151  10:08  Supply Depot  
  151  10:15  Marauder x3  
  151  10:16  Concussive Shells  
  151  10:17  Siege Tank, Viking x2  
  151  10:21  Viking x2  
  166  10:27  Fusion Core  
  168  10:29  Orbital Command  
  168  10:40  Sensor Tower  
  168  10:44  Viking x2  
  168  10:47  Viking  
  168  10:49  Armory  
  174  10:54  Barracks, Viking  
  174  10:55  Barracks  
  176  10:57  Viking  
  176  10:58  Barracks, Sensor Tower  
  176  11:03  Marauder x3  
  184  11:06  Siege Tank  
  187  11:12  Orbital Command  
  186  11:21  Orbital Command  
  186  11:28  Viking x4  
  194  11:35  Terran Ship Weapons Level 1  
  194  11:37  Advanced Ballistics  
  194  11:38  Siege Tank, Terran Vehicle And Ship Armor Level 1  
  197  11:45  Viking  
  195  12:16  Viking x2  
  195  12:17  Viking x3  
  195  12:18  Viking  
  165  12:35  Marine x2, Marauder x3  
  147  12:40  Siege Tank  
  147  12:41  Barracks Tech Lab x2  
  147  12:42  Marine x3  
  148  12:46  Liberator x3  
  148  12:47  Liberator  
  148  12:49  Refinery  
  148  12:50  Refinery  
  160  12:53  Liberator  
  160  12:57  Marauder x3  
  169  13:00  Terran Infantry Weapons Level 3  
  169  13:01  Command Center  
  166  13:13  Terran Infantry Armor Level 3  
  166  13:18  Marauder x4  
  166  13:19  Marine x5  
  179  13:21  Barracks Reactor  
  179  13:31  Terran Ship Weapons Level 2  
  179  13:38  Marauder  
  179  13:39  Terran Vehicle And Ship Armor Level 2, Marauder  
  179  13:40  Marauder x3  
  188  13:41  Siege Tank  
  190  13:53  Liberator x3  
  196  13:58  Liberator  
  193  14:22  Liberator x2  
  188  14:26  Marauder  
  188  14:27  Marauder  
  188  14:29  Marine  
  188  14:30  Marauder  
  187  14:36  Liberator x3  
  194  14:41  Liberator  
  194  14:44  Marine, Marauder  
  194  15:15  Liberator x2  
  194  15:19  Liberator x2  
  195  15:23  Liberator  
  195  15:26  Marauder  
  199  15:31  Marine x2, Marauder  
  199  15:33  Planetary Fortress  
  194  15:36  Marine x2, Marauder  
  194  15:39  Marine x2  
  194  15:41  Marauder x2  
  192  15:45  Liberator  
  178  15:53  Marine, Marauder  
  178  15:55  Marine x3, Marauder  
  185  15:57  Marine x2  
  185  15:58  Liberator x2, Marauder  
  185  16:00  Terran Ship Weapons Level 3  
  185  16:01  Liberator  
  185  16:02  Marauder x2  
  199  16:05  Orbital Command  
  199  16:11  Marine  
  200  16:24  Marauder x2  
  183  16:29  Marine  
  183  16:30  Marine x3, Marauder x2  
  183  16:31  Marauder  
  162  16:39  Marine x2  
  157  16:44  Marine  
  157  16:45  Marauder  
  131  16:47  Marine  
  131  16:48  Marine x3, Medivac x5  
  131  16:49  Medivac  
  131  16:51  Marauder x2  
  131  16:52  Siege Tank, Marine  
  149  16:55  SCV x4  
  149  16:56  SCV, Marine  
  149  16:57  Marine  
  156  17:03  Marauder  
  156  17:06  Marauder  
  156  17:07  SCV x3, Marine  
  156  17:08  SCV x2  
  166  17:09  Marine x2  
  166  17:10  Marauder  
  166  17:11  Marine  
  166  17:12  Marauder  
  166  17:13  Marauder  
  175  17:17  Missile Turret  
  171  17:23  Marine x2  
  171  17:24  Siege Tank, Marauder  
  171  17:26  Marine  
  171  17:27  Viking  
  171  17:28  Marauder  
  189  17:30  Viking x4  
  189  17:31  Marauder  
  189  17:34  Marauder  
  195  17:41  Missile Turret  
  195  18:03  Liberator  
  195  18:04  Liberator  
  190  18:09  Liberator x2  
  190  18:10  Liberator  
  199  18:27  Marine  
  196  18:46  Marine  
  196  18:47  Marine, Marauder x4  
  158  18:50  Marine, Marauder  
  158  18:53  Marine x2  
  158  18:54  Marine, Liberator  
  142  19:04  Marine  
  142  19:05  Marine  
  142  19:07  Marine  
  142  19:08  Marauder x4  
  147  19:11  Marine x3, Marauder  
  149  19:18  Refinery  
  149  19:19  Refinery  
Show
View Real Time Build Order
Export as new Build Order

LiquidClem Terran 

Build Orders:  

Get SALT Encoding   

  12  0:00  SCV  
  13  0:12  SCV  
  14  0:17  Supply Depot  
  14  0:24  SCV  
  15  0:38  SCV  
  15  0:39  Barracks  
  15  0:42  Refinery  
  16  0:50  SCV  
  16  0:52  Refinery  
  17  1:02  SCV  
  18  1:14  SCV  
  19  1:26  Orbital Command, Reaper  
  19  1:30  Supply Depot  
  20  1:39  Factory  
  20  1:52  SCV  
  21  1:58  Reaper  
  22  2:04  SCV  
  23  2:14  Command Center  
  23  2:18  SCV  
  24  2:25  Hellion  
  25  2:30  SCV, Reaper  
  27  2:43  SCV  
  27  2:44  Starport  
  28  2:50  Supply Depot  
  28  2:55  SCV  
  27  3:07  SCV  
  27  3:10  Cyclone  
  27  3:11  Barracks Reactor  
  30  3:19  SCV  
  31  3:30  Medivac  
  31  3:31  SCV  
  34  3:39  Refinery  
  34  3:42  Supply Depot, Cyclone  
  34  3:43  SCV  
  34  3:47  Marine x2  
  39  3:56  SCV  
  39  3:57  Orbital Command  
  40  4:04  Starport Tech Lab  
  40  4:05  Marine x2  
  40  4:08  SCV  
  43  4:14  Factory Tech Lab  
  43  4:20  SCV  
  43  4:22  SCV  
  43  4:23  Supply Depot, Marine x2  
  47  4:28  Raven  
  47  4:29  Interference Matrix  
  49  4:32  SCV  
  49  4:34  SCV  
  49  4:35  Siege Tank  
  54  4:40  Marine  
  54  4:44  SCV, Marine  
  57  4:46  SCV  
  57  4:51  Supply Depot  
  58  4:56  SCV  
  58  4:58  SCV, Marine  
  61  5:01  Marine  
  61  5:02  Raven  
  64  5:09  Command Center  
  64  5:10  SCV  
  65  5:16  Siege Tank  
  65  5:17  SCV  
  68  5:23  SCV  
  68  5:25  Marine  
  68  5:26  Marine  
  71  5:29  SCV  
  71  5:35  Supply Depot, SCV  
  71  5:38  Starport, Refinery  
  71  5:41  SCV  
  72  5:43  Supply Depot  
  72  5:47  SCV  
  72  5:48  Viking  
  75  5:50  Viking  
  75  5:56  Siege Tank  
  80  5:57  SCV  
  80  5:59  SCV  
  80  6:01  Marine  
  83  6:05  Supply Depot  
  83  6:09  SCV  
  84  6:11  SCV  
  84  6:14  Supply Depot  
  84  6:15  Viking  
  87  6:19  Marine  
  87  6:21  Viking  
  87  6:25  Viking  
  92  6:29  SCV x2  
  92  6:34  Supply Depot  
  92  6:35  Siege Tank  
  95  6:44  Factory  
  95  6:46  SCV x2  
  95  6:47  Refinery  
  97  6:49  Refinery  
  97  6:51  Supply Depot  
  97  6:52  Viking  
  99  6:57  Viking  
  99  7:00  Orbital Command  
  101  7:03  SCV  
  101  7:05  Viking  
  104  7:10  Supply Depot  
  104  7:11  SCV  
  104  7:13  Siege Tank  
  108  7:18  SCV  
  107  7:23  SCV  
  107  7:27  Liberator  
  108  7:30  SCV  
  108  7:31  SCV  
  108  7:33  Siege Tank  
  109  7:37  SCV  
  109  7:38  Viking  
  109  7:42  SCV  
  112  7:47  Liberator  
  112  7:49  SCV  
  112  7:50  SCV  
  117  7:53  Siege Tank  
  117  7:57  SCV  
  116  8:05  SCV  
  116  8:07  SCV, Engineering Bay, Command Center  
  116  8:08  Liberator  
  116  8:11  Siege Tank  
  123  8:15  SCV  
  123  8:16  Supply Depot  
  123  8:19  Liberator  
  127  8:20  SCV  
  127  8:22  SCV  
  129  8:27  Supply Depot, SCV  
  129  8:29  Siege Tank  
  129  8:32  SCV  
  134  8:35  Supply Depot  
  134  8:40  Armory  
  134  8:41  Armory  
  134  8:42  Factory  
  134  8:43  SCV x2  
  134  8:45  SCV  
  137  8:49  Supply Depot  
  137  8:51  Siege Tank  
  137  8:53  Viking  
  142  8:56  Supply Depot  
  142  8:59  Viking  
  142  9:00  SCV  
  142  9:01  SCV  
  146  9:05  SCV  
  146  9:09  Command Center  
  147  9:15  Supply Depot  
  147  9:16  Siege Tank  
  150  9:24  Siege Tank  
  150  9:26  Factory, Factory Reactor  
  150  9:27  Factory  
  153  9:35  Missile Turret x2  
  153  9:36  Missile Turret  
  153  9:42  Sensor Tower  
  153  9:43  Terran Vehicle Weapons Level 1  
  153  9:44  Terran Vehicle And Ship Armor Level 1  
  153  9:45  SCV  
  153  9:46  SCV  
  153  9:47  SCV  
  155  9:57  SCV  
  155  9:58  Siege Tank  
  159  10:06  Command Center  
  159  10:08  Missile Turret  
  159  10:10  Refinery, Sensor Tower  
  159  10:11  SCV x2, Refinery  
  162  10:14  Planetary Fortress  
  162  10:16  SCV  
  162  10:18  Missile Turret  
  162  10:20  Factory Reactor, Factory Tech Lab  
  162  10:21  Orbital Command  
  162  10:22  Factory Tech Lab  
  162  10:25  Hellion x2  
  162  10:26  Infernal Pre-Igniter  
  162  10:28  SCV  
  167  10:29  SCV  
  168  10:35  Viking  
  168  10:36  Viking  
  172  10:43  Thor  
  172  10:47  Hellion x2  
  182  10:55  Command Center  
  182  10:56  Thor  
  188  11:01  Starport  
  188  11:05  Starport Tech Lab  
  188  11:08  Hellion x2  
  188  11:10  Command Center  
  192  11:17  Armory  
  192  11:19  Command Center  
  192  11:21  Thor  
  194  11:26  Hellion  
  196  11:35  Thor, Command Center  
  200  11:40  Terran Vehicle Weapons Level 2  
  200  11:41  Fusion Core, Terran Vehicle And Ship Armor Level 2  
  200  11:44  Orbital Command  
  200  11:57  Missile Turret, Command Center  
  200  12:10  Starport Reactor  
  200  12:14  Starport  
  190  12:15  Viking x2  
  190  12:16  Viking  
  156  12:31  Hellion x2  
  156  12:36  Thor  
  148  12:39  Thor  
  149  12:45  Viking x2  
  149  12:46  Viking  
  149  12:49  Orbital Command  
  149  12:50  Orbital Command  
  155  12:54  Orbital Command  
  155  12:58  Viking x2  
  159  13:00  Terran Ship Weapons Level 1  
  159  13:03  Missile Turret  
  159  13:04  Refinery x2  
  159  13:08  Starport  
  159  13:10  Widow Mine, Drilling Claws  
  159  13:11  Widow Mine  
  163  13:14  Orbital Command  
  163  13:16  Raven  
  165  13:20  Viking x2  
  165  13:21  Missile Turret  
  165  13:22  Orbital Command  
  165  13:23  Starport  
  165  13:26  Sensor Tower  
  169  13:28  Planetary Fortress, Viking  
  171  13:37  Viking  
  171  13:39  Siege Tank, Thor  
  182  13:42  Siege Tank  
  182  13:47  Thor x6  
  183  13:48  Siege Tank  
  183  13:54  Raven  
  185  13:57  Viking  
  187  14:03  Viking  
  187  14:04  Command Center, Viking  
  187  14:07  Command Center  
  191  14:13  Hellion  
  191  14:14  Hellion  
  191  14:15  Orbital Command, Terran Vehicle Weapons Level 3  
  191  14:17  Siege Tank  
  197  14:21  Siege Tank  
  197  14:28  Siege Tank  
  200  14:35  Command Center  
  200  14:37  Missile Turret, Hellion, Sensor Tower  
  200  14:48  Starport Tech Lab  
  200  14:49  Starport Reactor  
  200  14:58  Missile Turret  
  200  14:59  Missile Turret  
  199  15:03  Hellion x3  
  199  15:05  Raven, Viking x2  
  200  15:07  SCV  
  200  15:10  Viking  
  198  15:17  Siege Tank  
  198  15:20  Liberator  
  197  15:25  Terran Ship Weapons Level 2, Terran Vehicle And Ship Armor Level 3  
  197  15:26  Smart Servos  
  193  15:33  Orbital Command  
  190  15:43  Siege Tank  
  190  15:45  Viking x3  
  199  15:52  Orbital Command, Refinery  
  199  15:53  Orbital Command  
  191  15:59  SCV, Sensor Tower  
  191  16:00  Missile Turret  
  192  16:04  Raven, Viking  
  192  16:07  Widow Mine x2  
  200  16:25  Siege Tank x2  
  184  16:26  Hellion  
  184  16:27  Viking  
  184  16:29  Siege Tank  
  184  16:32  Hellion x2  
  118  16:45  Viking  
  118  16:46  Viking  
  116  16:47  Siege Tank  
  116  16:54  Widow Mine  
  118  16:56  Widow Mine  
  118  17:00  Siege Tank  
  123  17:01  Orbital Command  
  123  17:05  Hellion x2, Command Center  
  123  17:07  Viking x2  
  123  17:08  Viking  
  133  17:15  Hellion  
  135  17:17  Hellion  
  135  17:19  Siege Tank  
  140  17:23  Orbital Command  
  140  17:26  Siege Tank  
  141  17:31  Siege Tank  
  141  17:33  Raven  
  141  17:34  Viking x2  
  141  17:36  Hellion  
  152  17:38  Hellion  
  152  17:40  Siege Tank  
  157  17:45  Orbital Command  
  157  17:51  Siege Tank  
  157  17:58  Orbital Command, Siege Tank  
  154  18:01  Raven  
  146  18:05  Hellion  
  140  18:18  Siege Tank  
  140  18:19  Hellion  
  140  18:20  Refinery x2  
  140  18:23  Siege Tank  
  140  18:26  SCV  
  140  18:27  Hellion  
  140  18:29  SCV  
  140  18:32  Siege Tank  
  144  18:34  SCV  
  144  18:38  Siege Tank  
  144  18:41  Hellion  
  148  18:45  Viking  
  124  18:48  Hellion  
  124  18:49  Refinery  
  124  18:50  Hellion  
  124  18:54  Viking  
  124  18:55  Hellion  
  96  18:57  Viking  
  96  18:59  SCV  
  96  19:00  SCV  
  96  19:02  Hellion  
  97  19:05  Hellion, Viking  
  95  19:10  Hellion  
  95  19:17  SCV  
  95  19:18  SCV  
  95  19:19  SCV  
Tags
 
Add a new tag
Caveats
  • Supply blocks, unpowered buildings, or Contaminate may cause inaccurate times.
  • Supply counts are checked every 10 seconds.